 Dungeon Crawl Stone Soup version 0.25.1-2-g60ff931df9 (webtiles) character file.

Game seed: 17605383346462377360

206 Artemis the Conjurer (level 5, -2/39 HPs)
             Began as a Draconian Conjurer on Sept 7, 2020.
             Killed by divine providence
             ... invoked by an orc priest
              (13 damage)
             ... on level 3 of the Dungeon.
             The game lasted 00:13:15 (3445 turns).

Artemis the Conjurer (Draconian Conjurer)           Turns: 3445, Time: 00:13:16

Health: -2/39      AC:  5    Str: 10    XL:     5   Next: 53%
Magic:  1/9        EV: 12    Int: 17    God:
Gold:   98         SH:  0    Dex: 11    Spells: 3/9 levels left

rFire    . . .     SeeInvis .   s - +3 dagger
rCold    . . .     Gourm    .   (no shield)
rNeg     . . .     Faith    .   (armour unavailable)
rPois    .         Spirit   .   (helmet restricted)
rElec    .         Reflect  .   (no cloak)
rCorr    .         Harm     .   (no gloves)
MR       .....                  (no boots)
Stlth    ++........             (no amulet)
HPRegen  0.13/turn              (no ring)
MPRegen  0.11/turn              (no ring)

@: no status effects
A: unfitting armour, cold-blooded, AC +5
a: no special abilities


You were on level 3 of the Dungeon.
You were hungry.

You visited 1 branch of the dungeon, and saw 3 of its levels.

You collected 98 gold pieces.

Inventory:

Hand Weapons
 e - a +0 whip
 h - a +0 club
 n - a +0 dagger
 s - a +3 dagger (weapon)
Missiles
 o - 33 stones (quivered)
Jewellery
 c - an uncursed amulet of regeneration {unknown}
Scrolls
 a - 3 scrolls of fog {unknown}
 d - 4 scrolls of remove curse {unknown}
 g - 3 scrolls of identify {unknown}
 m - a scroll of immolation {unknown}
 q - a scroll of enchant armour {unknown}
Potions
 f - a potion of lignification {unknown}
 i - a potion of flight {unknown}
 j - 2 potions of brilliance {unknown}
 k - a potion of heal wounds {unknown}
 l - a potion of curing
 r - a potion of resistance {unknown}
Comestibles
 b - 7 rations
 p - a chunk of flesh


   Skills:
 + Level 0.6 Fighting
 + Level 0.2 Short Blades
 + Level 0.3 Maces & Flails
 + Level 2.7 Dodging
 + Level 2.7 Stealth
 + Level 0.1 Unarmed Combat
 + Level 2.7 Spellcasting
 + Level 5.4 Conjurations


You had 3 spell levels left.
You knew the following spells:

 Your Spells              Type           Power        Failure   Level  Hunger
a - Magic Dart            Conj           ###.         1%          1    #......
b - Searing Ray           Conj           ###...       3%          2    ##.....
c - Dazzling Flash        Conj/Hex       ##....       19%         3    ###....

Your spell library contained the following spells:

 Spells                   Type           Power        Failure   Level  Hunger
 Fulminant Prism          Conj/Hex       ##........   52%         4    #####..
 Iskenderun's Mystic Bla  Conj/Tloc      ##......     52%         4    #####..


Dungeon Overview and Level Annotations

Branches:
Dungeon (3/15)

Altars:
Ashenzari
Dithmenos

Annotations:
D:3 Sigmund


Innate Abilities, Weirdness & Mutations

Your plain brown scales are hard. (AC +5)
You cannot fit into any form of body armour.
You are cold-blooded and may be slowed by cold attacks.


Message History

The orc priest is severely wounded.
The orc priest misses you.
You hit the orc priest but do no damage.
You tail-slap the orc priest, but do no damage.
The orc priest is severely wounded.
The orc priest invokes the aid of Beogh against you.
Pain shoots through your body!
You hit the orc priest but do no damage.
Your tail-slap misses the orc priest.
The orc priest is severely wounded.
The orc priest hits you with a +0 war axe.
* * * LOW HITPOINT WARNING * * *
You hit the orc priest but do no damage.
The orc priest is severely wounded.
The orc priest hits you but does no damage.
You barely miss the orc priest.
The orc priest is severely wounded.
The orc priest invokes the aid of Beogh against you.
Beogh smites you!
You die...

### ..# ####.# ..#.#
########.#.# ##############
#......#.#.###.............
#......>...................
######.....................
#.†......o@###.............
#.########.# #.............
#.#.. ### ##############
#.#.# #.#.# ###.#.##
#......# #......# #......#


You could see an orc priest.

Vanquished Creatures
  An orc wizard (D:2)
  Natasha (twice) (D:3)
  7 adders
  An ooze (D:1)
  2 worms
  2 dart slugs
  A leopard gecko (D:1)
  12 bats
  2 giant cockroaches
  6 hobgoblins
  A quokka (D:2)
  2 ball pythons
  A frilled lizard (D:1)
  7 goblins
  3 kobolds
  7 rats
57 creatures vanquished.

Notes
Turn   | Place    | Note
-------+----------+-------------------------------------------
     0 | D:1      | Artemis the Draconian Conjurer began the quest for the Orb.
     0 | D:1      | Reached XP level 1. HP: 14/14 MP: 3/3
   392 | D:1      | Reached XP level 2. HP: 16/20 MP: 0/5
  1204 | D:1      | Reached XP level 3. HP: 8/26 MP: 0/6
  1610 | D:2      | Reached skill level 5 in Conjurations
  1885 | D:2      | Reached XP level 4. HP: 32/33 MP: 5/7
  2438 | D:3      | Noticed Natasha
  2455 | D:2      | Learned a level 2 spell: Searing Ray
  2459 | D:2      | Learned a level 3 spell: Dazzling Flash
  2689 | D:3      | Noticed Sigmund
  2851 | D:3      | Found a shadowy altar of Dithmenos.
  2851 | D:3      | Found a shattered altar of Ashenzari.
  2906 | D:3      | Killed Natasha
  2906 | D:3      | Reached XP level 5. HP: 27/39 MP: 1/8
  3064 | D:3      | Noticed Natasha
  3078 | D:3      | Killed Natasha
  3445 | D:3      | Killed from afar by an orc priest

Illustrated notes

Levels and vault maps discovered:
D:1:      dpeg_arrival_erosion, layout_basic
D:2:      layout_rooms, chequers_serial_rivers_micro_a
D:3:      layout_basic, okawaru_altar_gauntlet_db,
          chequers_temple_overflow_minitemple, amethyst_overflow_temple_binary,
          uniq_natasha, uniq_robin, uniq_sigmund

Skill      XL: |  1  2  3 |
---------------+----------+-----
Stealth        | 2 |  2.7
Conjurations   | 5 |  5.4
Dodging        | 2 |  2.7
Fighting       | |  0.6
Short Blades   | |  0.2
Maces & Flails | |  0.3
Unarmed Combat | |  0.1
Spellcasting   | |  2.7

Action                   |  1- 3 |  4- 6 || total
-------------------------+-------+-------++-------
Melee: Unarmed           |    18 |       ||    18
       Tailslap          |     3 |     7 ||    10
       Club              |    21 |    25 ||    46
       Dagger            |       |    25 ||    25
 Cast: Magic Dart        |    63 |    43 ||   106
       Searing Ray       |       |     3 ||     3
  Eat: Chunk             |     4 |     5 ||     9
Armor: Skin              |    33 |    20 ||    53
Dodge: Dodged            |    64 |    42 ||   106
